 Dungeon Crawl Stone Soup version 0.31-a0-236-g9a0961fb85 (webtiles) character file.

Game seed: 2704756439980007989

208 qw the Shooter (level 5, -1/45 HPs)
             Began as a Minotaur Hexslinger on July 9, 2023.
             Slain by a lemure (3 damage)
             ... led by Pikel
             ... on level 4 of the Dungeon.
             The game lasted 00:00:57 (2442 turns).

qw the Shooter (Minotaur Hexslinger)                Turns: 2442, Time: 00:00:57

Health: -1/45      AC:  5    Str: 13    XL:     5   Next: 55%
Magic:  0/5        EV: 12    Int: 10    God:
Gold:   88         SH:  0    Dex: 14    Spells: 5/6 levels left

rFire   . . .        Y - +1 sling (chaos)
rCold   . . .        (no shield)
rNeg    . . .        d - +0 leather armour
rPois   +            (helmet restricted)
rElec   .            (no cloak)
rCorr   .            e - +0 pair of gloves
SInv    .            h - +0 pair of boots
Will    .....        c - amulet of guardian spirit
Stlth   +            b - ring of poison resistance
HPRegen 0.27/turn    (no ring)
MPRegen 0.09/turn

%: guardian spirit
@: no status effects
A: horns 2, retaliatory headbutt
a: no special abilities


You were on level 4 of the Dungeon.
You visited 1 branch of the dungeon, and saw 4 of its levels.

You collected 182 gold pieces.
You spent 94 gold pieces at shops.


Innate Abilities, Weirdness & Mutations

You have a pair of horns on your head.
You reflexively headbutt those who attack you in melee.


   Skills:
 - Level 3.3 Fighting
 - Level 5.6 Ranged Weapons
 + Level 0.6 Armour
 - Level 2.1 Dodging
 - Level 1.0 Spellcasting
 - Level 2.0 Hexes


You had 5 spell levels left.
You knew the following spells:

 Your Spells              Type           Power      Damage    Failure   Level
a - Slow                  Hex            16%        N/A       19%         1

Your spell library contained the following spells:

 Spells                   Type           Power      Damage    Failure   Level
 Inner Flame              Hex/Fire       2%         N/A       65%         3
 Portal Projectile        Hex/Tloc       4%         N/A       65%         3
 Cause Fear               Hex            2%         N/A       88%         4

Inventory:

Hand Weapons
 Y - a +1 sling of chaos (weapon)
Armour
 d - a +0 leather armour (worn)
 e - a +0 pair of gloves (worn)
 h - a +0 pair of boots (worn)
Jewellery
 b - a ring of poison resistance (left hand)
 c - an amulet of guardian spirit (around neck)
Scrolls
 g - a scroll of identify
Potions
 a - 3 potions of curing
 f - a potion of ambrosia {unknown}
 i - a potion of heal wounds {unknown}

Dungeon Overview and Level Annotations

Branches:
Dungeon (4/15)
 Temple: D:4-7

Altars:

Shops:
D:3 [   D:4 =

Annotations:
D:4 Pikel


Message History

You shoot a sling bullet. The sling bullet hits the lemure.
The sling bullet freezes the lemure.
The lemure is lightly wounded.
The lemure closely misses you. You furiously retaliate!
You headbutt the lemure, but do no damage.
The lemure misses you.
You shoot a sling bullet.
The sling bullet barely misses the lemure. x2
The lemure hits you but does no damage. The lemure hits you.
You shoot a sling bullet.
The sling bullet barely misses the lemure.
The sling bullet misses the lemure.
The lemure closely misses you. The lemure hits you.
You shoot a sling bullet. The sling bullet hits the lemure.
The lemure is poisoned.
The lemure is moderately wounded.
The lemure hits you! The lemure barely misses you.
You shoot a sling bullet. The sling bullet misses the lemure.
The sling bullet hits the lemure.
The sling bullet freezes the lemure.
The lemure is lightly wounded.
The lemure hits you but does no damage. The lemure hits you.
You shoot a sling bullet.
The sling bullet closely misses the lemure. x2
The lemure misses you. The lemure hits you.
You shoot a sling bullet.
The sling bullet hits Pikel but does no damage.
Pikel hits you with a +0 whip of electrocution.
The lemure hits you.
You shoot a sling bullet. The sling bullet hits Pikel.
The sling bullet burns Pikel.
Pikel is lightly wounded.
Pikel barely misses you. You furiously retaliate!
You headbutt Pikel! The lemure hits you but does no damage.
You shoot a sling bullet.
The sling bullet hits Pikel but does no damage.
Space warps around Pikel.
Pikel is heavily wounded.
Pikel closely misses you. You furiously retaliate!
You headbutt Pikel! The lemure hits you.
You die...

##############
#..5@........#
#.#K########.#
.5l #.# #..5
#.# #!... #.#
>..... #.#
....... #.#
#:..... #.#
#.#


You could see Pikel, 3 lemures and an iguana.

Vanquished Creatures
  A scorpion (D:3)
  An orc priest (D:4)
  5 adders
  A worm (D:2)
  A dart slug (D:3)
  5 orcs
  6 ball pythons
  9 endoplasms
  A giant cockroach (D:1)
  5 goblins
  4 hobgoblins
  4 jackals
  4 quokkas
  11 bats
  4 frilled lizards
  2 kobolds
  3 rats (D:1)
67 creatures vanquished.

Notes
Turn   | Place    | Note
-------+----------+-------------------------------------------
     0 | D:1      | qw the Minotaur Hexslinger began the quest for the Orb.
     0 | D:1      | Reached XP level 1. HP: 16/16 MP: 1/1
     0 | D:1      | 0 ||| qw: Version: 0.3-a-51-g015441d
     0 | D:1      | 0 ||| qw: Game counter: 4439
     0 | D:1      | 0 ||| qw: Melee chars always use a shield: true
     0 | D:1      | 0 ||| qw: God list: Okawaru
     0 | D:1      | 0 ||| qw: Allow faded altars: false
     0 | D:1      | 0 ||| qw: Do Orc after clearing Dungeon:15 true
     0 | D:1      | 0 ||| qw: Do second Lair branch before Depths: true
     0 | D:1      | 0 ||| qw: Lair rune preference: random
     0 | D:1      | 0 ||| qw: Goals: Normal
     0 | D:1      | 0 ||| PLANNING D:1-11
   208 | D:1      | Reached skill level 3 in Ranged Weapons
   239 | D:1      | Reached XP level 2. HP: 23/23 MP: 2/2
   379 | D:1      | HP: 5/24 [rat (3)]
   380 | D:1      | HP: 1/24 [frozen (4)]
   507 | D:1      | Reached XP level 3. HP: 29/29 MP: 3/3
   944 | D:1      | 944 ||| UPGRADING to +0 leather armour.
   954 | D:1      | 954 ||| DROPPING +0 robe.
   955 | D:1      | 955 ||| UPGRADING to +0 pair of boots.
   960 | D:1      | 960 ||| READING 2 scrolls labelled YHUEFU ZEDEA.
   961 | D:1      | 961 ||| READING 2 scrolls labelled HUNOTT RAYM.
   962 | D:1      | 962 ||| READING scroll labelled QOOZIC SOUDEHU.
   963 | D:1      | 963 ||| DROPPING scroll of blinking.
   964 | D:1      | 964 ||| DROPPING scroll of poison.
   990 | D:2      | 990 ||| STAIRDANCE
  1101 | D:2      | Reached skill level 4 in Ranged Weapons
  1252 | D:2      | Reached XP level 4. HP: 36/36 MP: 4/4
  1534 | D:2      | 1534 ||| UPGRADING to amulet of guardian spirit.
  1539 | D:2      | 1539 ||| READING scroll labelled QIUFEUPPAI.
  1540 | D:2      | 1540 ||| READING scroll labelled SOKIES RENOS.
  1545 | D:2      | 1545 ||| DRINKING 3 lumpy green potions.
  1546 | D:2      | 1546 ||| READING 2 scrolls of identify.
  1546 | D:2      | 1546 ||| IDENTIFYING metallic inky potion
  1547 | D:2      | 1547 ||| DROPPING potion of berserk rage.
  1666 | D:3      | Found Botwuomi's Antique Armour Shop.
  1678 | D:3      | 1678 ||| BUYING pair of gloves (94 gold).
  1678 | D:3      | Bought a pair of gloves for 94 gold pieces
  1757 | D:3      | Noticed a scorpion
  1768 | D:3      | Killed a scorpion
  1769 | D:3      | Reached skill level 5 in Ranged Weapons
  1769 | D:3      | Reached XP level 5. HP: 19/41 MP: 3/5
  2248 | D:3      | Noticed a great orb of eyes
  2250 | D:3      | Found a faded altar of an unknown god.
  2252 | D:3      | Noticed a shining eye
  2252 | D:3      | Noticed an eye of devastation
  2252 | D:3      | Noticed a floating eye
  2314 | D:3      | 2314 ||| UPGRADING to +0 pair of gloves.
  2319 | D:3      | 2319 ||| UPGRADING to ring of poison resistance.
  2320 | D:3      | 2320 ||| READING scroll labelled BALEP QIEXOMO.
  2357 | D:4      | Found Nucregry's Jewellery Boutique.
  2368 | D:4      | Reached skill level 3 in Fighting
  2374 | D:4      | 2374 ||| SHOPLISTING amulet of regeneration (360 gold, have
                  | 88).
  2374 | D:4      | 2374 ||| SHOPLISTING amulet of the acrobat (360 gold, have
                  | 88).
  2374 | D:4      | 2374 ||| SHOPLISTING ring "Emeenir" {rF- Will+ Str-2 Int+8
                  | Dex+7} (627 gold, have 88).
  2374 | D:4      | 2374 ||| SHOPLISTING ring of resist corrosion (240 gold,
                  | have 88).
  2374 | D:4      | 2374 ||| SHOPLISTING ring of see invisible (180 gold, have
                  | 88).
  2427 | D:4      | Noticed Pikel
  2427 | D:4      | Noticed a lemure
  2427 | D:4      | Noticed a lemure
  2427 | D:4      | Noticed a lemure
  2428 | D:4      | Noticed a lemure
  2440 | D:4      | HP: 8/45 [Pikel/+0 whip of electrocution (5)]
  2440 | D:4      | HP: 2/45 [lemure[Pikel] (6)]
  2442 | D:4      | Slain by a lemure

Levels and vault maps discovered:
D:1:      elethiomel_arrival_infinity_welcomes_careful_drivers, layout_basic,
          chequers_garden, minmay_hexomino_c4
D:2:      layout_rooms
D:3:      layout_loops_ring, serial_shops, shop,
          hellmonk_ecumenical_altar_watching_god
D:4:      layout_loops_corners, serial_shops, shop, minmay_misc_feat_iff,
          uniq_duvessa, uniq_pikel

Skill      XL: |  1  2  3  4  5 |
---------------+----------------+-----
Ranged Weapons | 3 4 5 |  5.6
Fighting       | 2 3 |  3.3
Armour         | |  0.6
Dodging        | |  2.1
Spellcasting   | |  1.0
Hexes          | |  2.0

Action                     |  1- 3 |  4- 6 || total
---------------------------+-------+-------++-------
   Fire: Sling             |   137 |    98 ||   235
    Use: Scroll            |     3 |     4 ||     7
         Potion            |       |     1 ||     1
 Armour: Robe              |    18 |       ||    18
         Leather armour    |     9 |    13 ||    22
  Dodge: Dodged            |    59 |    30 ||    89

Table legend:
 A = Non-vault XP
 B = Vault XP
 C = Vault XP percentage of total XP
 D = Non-vault monster count
 E = Vault monster count
 F = Vault count percentage of total count
                 A         B        C        D         E       F
            +---------+---------+-------+---------+---------+-------
      Total |     286 |      12 |   4.0 |      60 |       7 |  10.4
            +---------+---------+-------+---------+---------+-------
        D:1 |      40 |      12 |  23.1 |      27 |       7 |  20.6
        D:2 |      49 |       0 |   0.0 |      14 |       0 |   0.0
        D:3 |     144 |       0 |   0.0 |      14 |       0 |   0.0
        D:4 |      53 |       0 |   0.0 |       5 |       0 |   0.0
            +---------+---------+-------+---------+---------+-------
